Map: Nightshade LE

Players

Dahyun - Winner!

  • Race: Protoss Protoss
  • Spawn Location: 11:00

Mars

  • Race: Zerg Zerg
  • Spawn Location: 5:00

VOD

Have the link to the VOD?

Description

Time

  • Played on: May 17, 2020, 12:21 p.m.
  • Length: 4:22
Show
View Real Time Build Order
Export as new Build Order

Dahyun Protoss - Winner!

Build Orders:  

Get SALT Encoding   

  12  0:01  Probe  
  13  0:13  Probe  
  14  0:17  Pylon  
  14  0:25  Probe  
  15  0:37  Gateway, Probe  
  16  0:47  Assimilator  
  16  0:49  Probe  
  17  1:01  Probe  
  17  1:03  Gateway  
  18  1:13  Probe  
  19  1:25  Cybernetics Core, Probe  
  20  1:33  Zealot  
  20  1:39  Pylon  
  22  1:48  Gateway  
  22  1:52  Warp Gate (Chrono Boost)  
  22  2:04  Stalker  
  22  2:07  Stalker  
  26  2:18  Gateway  
  26  2:34  Stalker  
  28  2:38  Zealot  
  30  2:52  Pylon  
  30  3:09  Stalker  
  32  3:19  Pylon  
  32  3:25  Stalker x2  
  32  3:26  Zealot  
  38  3:57  Stalker x2  
  38  3:58  Zealot x2  
  46  4:08  Pylon  
Show
View Real Time Build Order
Export as new Build Order

Mars Zerg 

Build Orders: Pool First 

Get SALT Encoding   

  12  0:02  Drone  
  13  0:08  Drone  
  13  0:13  Extractor  
  13  0:18  Drone  
  14  0:23  Extractor  
  14  0:26  Overlord  
  13  0:30  Drone  
  14  0:40  Overlord  
  14  0:48  Drone  
  15  0:57  Drone  
  16  1:06  Drone  
  17  1:17  Spawning Pool  
  17  1:18  Drone  
  17  1:29  Drone  
  18  1:42  Drone  
  18  1:43  Evolution Chamber  
  18  1:50  Drone  
  19  2:06  Drone  
  20  2:09  Hatchery  
  20  2:13  Drone  
  20  2:23  Zergling x2  
  21  2:33  Drone  
  22  2:47  Zergling x2  
  22  2:48  Queen  
  25  2:51  Metabolic Boost  
  25  3:01  Zergling x2  
  26  3:11  Overlord  
  26  3:22  Drone  
  26  3:23  Queen  
  29  3:33  Zergling x4  
  31  3:36  Zergling x2  
  32  3:45  Drone  
  32  3:48  Zergling x4  
  29  4:03  Zergling x2  
Tags
 
Matchup
PvZ
Opening
Pool First
Spawn Locations
Cross Positions
Add a new tag
Caveats
  • Supply blocks, unpowered buildings, or Contaminate may cause inaccurate times.
  • Supply counts are checked every 10 seconds.